 Dungeon Crawl Stone Soup version 0.28.0-53-g5a82cb258f (webtiles) character file.

Game seed: 14354255330460877059

704 ZappyNine the Chopper (level 7, -6/67 HPs)
             Began as a Hill Orc Fighter on June 7, 2022.
             Mangled by a two-headed ogre
             ... wielding a +0 giant spiked club
              (24 damage)
             ... on level 5 of the Dungeon.
             The game lasted 00:03:41 (3690 turns).

ZappyNine the Chopper (Hill Orc Fighter)            Turns: 3690, Time: 00:03:42

Health: -6/67      AC: 10    Str: 21    XL:     7   Next: 67%
Magic:  7/7        EV:  9    Int:  8    God:
Gold:   181        SH:  4    Dex: 10    Spells: 6/6 levels left

rFire   . . .      SeeInvis .   a - +0 war axe
rCold   . . .      Faith    .   c - +0 buckler
rNeg    . . .      Spirit   .   b - +0 scale mail
rPois   .          Reflect  .   (no helmet)
rElec   .          Harm     .   k - +2 cloak {Stlth+}
rCorr   .          Rampage  .   (no gloves)
Will    .....                   (no boots)
Stlth   +.........              (no amulet)
HPRegen 0.21/turn               (no ring)
MPRegen 0.10/turn               (no ring)

@: no status effects
A: no striking features
a: no special abilities


You were on level 5 of the Dungeon.
You visited 1 branch of the dungeon, and saw 5 of its levels.

You collected 181 gold pieces.

Inventory:

Hand Weapons
 a - a +0 war axe (weapon)
Missiles
 i - a throwing net (quivered)
Armour
 b - a +0 scale mail (worn)
 c - a +0 buckler (worn)
 k - a +2 cloak of stealth (worn)
Wands
 m - a wand of iceblast (6)
 o - a wand of acid (5)
Scrolls
 d - a scroll of summoning {unknown}
 e - a scroll of torment {unknown}
 f - 2 scrolls of vulnerability {unknown}
 h - 4 scrolls of identify {unknown}
 n - 2 scrolls of teleportation {unknown}
 p - a scroll of fear {unknown}
Potions
 g - 7 potions of curing {unknown}
 j - 2 potions of ambrosia {unknown}
 l - a potion of haste {unknown}
 q - 2 potions of mutation {unknown}


   Skills:
 + Level 7.9 Fighting
 + Level 7.9 Axes
 - Level 3.2 Armour
 - Level 3.2 Shields


You had 6 spell levels left.
You didn't know any spells.
Your spell library contained the following spells:

 Spells                   Type           Power      Damage    Failure   Level
 Sublimation of Blood     Necr           0%         N/A       93%         2
 Ignite Poison            Fire/Tmut/Pois 0%         N/A       99%         3
 Mephitic Cloud           Conj/Pois/Air  0%         N/A       99%         3
 Petrify                  Tmut/Erth      0%         N/A       100%        4
 Freezing Cloud           Conj/Ice/Air   0%         6-21      100%        5
 Irradiate                Conj/Tmut      0%         3d13      100%        5


Dungeon Overview and Level Annotations

Branches:
Dungeon (5/15)             Temple (0/1) D:4

Altars:
Elyvilon
Fedhas
Qazlal

Shops:
D:3 (   D:5 :


Message History

No target in view!
No target in view!
No target in view!
No target in view!
Things that are here:
a jackal corpse; a jackal corpse
Found a stone staircase leading down.
There is a stone staircase leading down here.
There is a stone staircase leading down here.
A two-headed ogre comes into view.
It is wielding a +0 giant spiked club and a +0 giant club.
The two-headed ogre shouts in stereo!
A two-headed ogre is nearby!
A two-headed ogre is nearby!
A centaur comes into view. It is wielding a +0 dagger.
The centaur shouts!
Found 15 gold pieces.
The two-headed ogre hits you with a +0 giant spiked club!!
The two-headed ogre barely misses you.
You hit the centaur but do no damage.
The centaur is moderately wounded.
You completely miss the two-headed ogre.
The centaur hits you but does no damage.
The centaur kicks you but does no damage.
The two-headed ogre hits you with a +0 giant spiked club.
The two-headed ogre hits you with a +0 giant club.
The centaur hits you but does no damage.
The centaur barely misses you.
You slash the centaur!
The centaur is severely wounded.
The centaur hits you with a +0 dagger. The centaur barely misses you.
You hit the two-headed ogre but do no damage.
The two-headed ogre barely misses you.
The two-headed ogre hits you with a +0 giant club!
* * * LOW HITPOINT WARNING * * *
You slash the two-headed ogre!
The two-headed ogre is moderately wounded.
You barely miss the two-headed ogre.
The two-headed ogre is moderately wounded.
The two-headed ogre hits you with a +0 giant spiked club!!
You die...

#....†....# #.#<#.#
#.######..####.#.#..
....................
#.######............
#.########### #######
#.........# ......$
#########.#
.......##############.###
......cO@................
.......##################
....... ....... ## #####
....... ..# #...# .......
...# #..#. ....... ....#
#.#.. ....... .....###...
...........


You could see a two-headed ogre and a centaur.

Vanquished Creatures
  Edmund (D:5)
  A phantom (D:5)
  2 scorpions (D:5)
  2 bullfrog zombies (D:5)
  A hound (D:4)
  Crazy Yiuf (D:2)
  6 iguanas
  Terence (D:2)
  4 adders
  A white imp (D:5)
  2 worms
  3 dart slugs
  An orc (D:3)
  3 bats
  3 endoplasms
  9 goblins
  4 hobgoblins
  6 jackals
  2 quokkas
  4 ball pythons
  4 frilled lizards
  3 kobolds
  4 rats
68 creatures vanquished.

Notes
Turn   | Place    | Note
-------+----------+-------------------------------------------
     0 | D:1      | ZappyNine the Hill Orc Fighter began the quest for the Orb.
     0 | D:1      | Reached XP level 1. HP: 19/19 MP: 1/1
   217 | D:1      | Reached XP level 2. HP: 27/27 MP: 2/2
   382 | D:1      | Found a faded altar of an unknown god.
   382 | D:1      | Noticed a hellwing
   633 | D:1      | Reached XP level 3. HP: 34/34 MP: 3/3
   940 | D:2      | Found a white marble altar of Elyvilon.
   941 | D:2      | Noticed Terence
   949 | D:2      | Killed Terence
   950 | D:2      | Reached skill level 5 in Fighting
   950 | D:2      | Reached XP level 4. HP: 42/42 MP: 4/4
  1175 | D:2      | Found a runed translucent door.
  1176 | D:2      | Noticed Crazy Yiuf
  1353 | D:2      | Killed Crazy Yiuf
  1593 | D:3      | Reached XP level 5. HP: 46/48 MP: 5/5
  1614 | D:3      | Reached skill level 5 in Axes
  1655 | D:3      | Found Koullua's Weapon Shop.
  2064 | D:4      | Found a stormy altar of Qazlal.
  2143 | D:4      | Found a staircase to the Ecumenical Temple.
  2566 | D:4      | Reached XP level 6. HP: 54/57 MP: 6/6
  2614 | D:5      | Entered Level 5 of the Dungeon
  2869 | D:5      | Reached XP level 7. HP: 25/66 MP: 7/7
  3124 | D:5      | Found Taff's Book Boutique.
  3248 | D:5      | Noticed Edmund
  3256 | D:5      | Killed Edmund
  3586 | D:5      | Found a blossoming altar of Fedhas.
  3681 | D:5      | Noticed a two-headed ogre
  3690 | D:5      | Mangled by a two-headed ogre

Illustrated notes

Levels and vault maps discovered:
D:1:      nagdon_arrival_zigzag_paths, layout_basic,
          dreamdust_ecumenical_altar_sealed_demon
D:2:      layout_rooms, basic_altar, minmay_misc_feat_columns,
          uniq_crazy_yiuf_cottage, uniq_terence
D:3:      layout_basic, mainiacjoe_overflow_brackets, led_sif_book,
          serial_shops, shop
D:4:      layout_basic, old_standard_altar, minmay_temple_entry_stoned_glass
D:5:      layout_basic, nicolae_hepliaklqana_hazy_memory, fiery_altar_vehumet,
          kennysheep_mini, serial_shops, kennysheep_mini_moat,
          hangedman_decor_diamond_cutter, uniq_edmund

Skill      XL: |  1  2  3  4  5  6 |
---------------+-------------------+-----
Fighting       | 4 5 6 7 |  7.9
Axes           | 3 4 5 7 |  7.9
Armour         | |  3.2
Shields        | |  3.2

Action                   |  1- 3 |  4- 6 |  7- 9 || total
-------------------------+-------+-------+-------++-------
Melee: War axe           |    73 |   117 |    42 ||   232
  Use: Potion            |     1 |       |     1 ||     2
Armor: Scale mail        |    41 |    46 |    14 ||   101
Dodge: Dodged            |    30 |    41 |    15 ||    86
Block: Buckler           |    22 |    29 |     8 ||    59
